Cogmind - Beta 14 @@@ ROGUE MODE // 2025.03.31 @ 17:50:10 Player: TheHatedCTAT Result: Destroyed by S-27 Virus with Autogun Performance ------------- Evolutions (4) 2000 Regions Visited (9) 1800 Robots Destroyed (116) 580 Value Destroyed (4196) 4196 Prototype IDs (4) 80 Alien Tech Used (0) 0 Bonus (1399) 1399 TOTAL SCORE: 10055 Bonus ------- High Alert Combat Kills 466 Follower Combat Kills 1203 Friendly Fire -270 Cogmind --------- Core Integrity 0/850 Matter 260/300 Energy 34/100 System Corruption 1% Temperature Cool (0) Movement Core (50) Location -6/Factory Parts ------- > --- POWER (1) -------- (None) > --- PROPULSION (5) --- (None) > --- UTILITY (7) ------ (None) > --- WEAPON (2) ------- Chainsword > --- INVENTORY (5) ---- (None) Peak State ------------ > --- POWER ------------ Improved Deuterium Engine > --- PROPULSION ------- Carbon-fiber Leg Titanium Leg Improved Carbon-fiber Leg Improved Carbon-fiber Leg Gravmag System > --- UTILITY ---------- Large Storage Unit Hacking Suite Hacking Suite Hacking Suite Splice Drone Bay > --- WEAPON ----------- Ion Cannon Ion Cannon > --- INVENTORY -------- Micro Nuclear Core Gravmag System Medium Storage Unit Machine Analyzer Advanced Visual Processing Unit Improved Sensor Array Improved Signal Interpreter Energy Filter Advanced ECM Suite Reaction Control System Medium Insulated Plating Improved Shield Generator Hacking Suite Remote Datajack Makeshift Axe [Rating: 50] Favorites ----------- Power Improved Deuterium Engine Engine Improved Deuterium Engine Power Core Micro Nuclear Core Reactor Light Antimatter Reactor Propulsion Armored Treads Treads Armored Treads Leg Carbon-fiber Leg Wheel Wheel Hover Unit Gravmag System Flight Unit Cesium-ion Thruster Utility Hacking Suite Device Seismic Detector Storage Large Storage Unit Processor Advanced Visual Processing Unit Hackware Hacking Suite Protection Heavy Insulated Plating Weapon Heavy Assault Cannon Energy Gun Backup Laser III Energy Cannon Advanced Beam Cannon Ballistic Gun Light Assault Rifle Ballistic Cannon Heavy Assault Cannon Launcher Rocket Launcher Special Weapon Remote Datajack Slashing Weapon Makeshift Axe Build | -11 -10 -10 -10 -9 -8 -7 -7 -7 -6 ------- Run | Yrd Mat Min Exi Min Mat Fac Was Fac Fac Slots Evolved 8 | . . . . . 4 2 . . 2 Power . | . . . . . . . . . . Propulsion 3 | . . . . . 2 1 . . . Utility 5 | . . . . . 2 1 . . 2 Weapon . | . . . . . . . . . . Parts Attached 245 | 9 28 8 2 19 54 32 20 41 32 Power 26 | 1 . 2 1 3 7 3 2 2 5 Engine 16 | 1 . 2 1 2 4 2 1 1 2 Core 9 | . . . . 1 3 1 1 1 2 Reactor 1 | . . . . . . . . . 1 Propulsion 80 | 3 11 . . 4 14 10 6 15 17 Treads 31 | . 5 . . . . 2 2 8 14 Leg 14 | . . . . . 8 6 . . . Wheel 9 | 3 6 . . . . . . . . Hover 11 | . . . . 1 . 2 1 4 3 Flight 15 | . . . . 3 6 . 3 3 . Utility 63 | 2 6 3 . 6 8 14 10 11 3 Device 42 | 1 4 2 . 5 3 10 7 7 3 Storage 5 | 1 1 . . 1 1 . 1 . . Processor 3 | . . . . . 2 . 1 . . Hackware 7 | . . . . . 2 2 1 2 . Protection 6 | . 1 1 . . . 2 . 2 . Artifact . | . . . . . . . . . . Weapon 76 | 3 11 3 1 6 25 5 2 13 7 Energy Gun 10 | 1 1 . . . 5 . . . 3 Energy Cannon 19 | . 3 1 . 3 8 2 . . 2 Ballistic Gun 9 | 2 3 . . 3 1 . . . . Ballistic Cannon 15 | . 2 2 . . 3 1 2 5 . Launcher 3 | . 1 . . . 2 . . . . Special Weapon 3 | . 1 . . . . 1 . 1 . Impact Weapon . | . . . . . . . . . . Slashing Weapon 17 | . . . 1 . 6 1 . 7 2 Piercing Weapon . | . . . . . . . . . . Special Melee Weapon . | . . . . . . . . . . Unidentified Prototypes 4 | . 1 . . 1 1 . . . 1 Parts Lost 70 | . 5 1 . 2 6 12 . 18 26 Power 7 | . . 1 . . 1 . . 1 4 Propulsion 39 | . 2 . . 2 3 6 . 10 16 Utility 17 | . 1 . . . 2 5 . 6 3 Weapon 7 | . 2 . . . . 1 . 1 3 Highest Loss Streak 13 | . 1 1 . 2 3 8 . 13 9 To Critical Strikes . | . . . . . . . . . . Average Slot Usage (%) 87 | . 96 100 100 85 90 92 79 82 40 Engine 8 | . 14 14 14 14 6 7 5 6 1 Treads 9 | . 9 . . . . 5 12 25 12 Leg 8 | . . . . . 20 27 . . . Wheel 6 | . 18 28 28 13 . . . . . Flight 6 | . . . . 14 13 . 15 7 1 Device 11 | . 13 13 14 13 7 13 20 6 3 Storage 8 | . 14 14 14 14 9 7 6 6 . Processor 2 | . . . . . 3 . 6 3 . Hackware 7 | . . . . . 13 16 . 12 5 Energy Gun 1 | . 2 . . . 3 . 1 . 1 Energy Cannon 6 | . 11 21 14 14 4 6 . . 2 Ballistic Cannon 4 | . 2 6 10 . 3 3 6 6 . Slashing Weapon 1 | . . . 3 . 2 . . . 3 Peak Build Rating 50 | 7 14 14 17 25 35 50 49 44 44 Average Rating 30 | 5 9 11 13 17 26 45 41 39 27 On Entrance 20 | . 7 12 11 17 9 35 48 42 20 Naked Turns . | . . . . . . . . . . Heaviest Build 57 | 13 36 34 33 33 44 50 44 57 21 Greatest Support 150 | 26 40 20 20 20 59 85 49 102 150 Greatest Overweight (x) 9 | . 2 1 1 9 3 2 1 4 1 Average Overweight (x) . | . . 1 1 . . . . . . Largest Inventory Capacity 15 | 8 15 15 15 15 15 15 15 15 5 Average Capacity 13 | 7 13 15 15 10 11 15 13 14 5 Most Carried 15 | 8 15 15 15 15 15 15 15 15 5 Average Carried 12 | 5 11 13 14 10 10 14 12 13 2 Final Capacity 15 | 8 15 15 15 10 15 15 15 5 5 Final Carried 15 | 8 14 15 15 10 14 15 14 5 . Class Distribution -------------------- 48% | Scavenger-Mutant 32% | Mutant 11% | Hacker-Mutant 4% | Scavenger-Sprinter 3% | Sprinter Dominant Class ---------------- Mutant | -10/Materials Mutant | -10/Mines Mutant | -10/Exiles Mutant | -9/Mines Scavenger-Mutant | -8/Materials Hacker-Mutant | -7/Factory Scavenger-Mutant | -7/Waste Scavenger-Mutant | -7/Factory Mutant | -6/Factory Resources | -11 -10 -10 -10 -9 -8 -7 -7 -7 -6 ----------- Run | Yrd Mat Min Exi Min Mat Fac Was Fac Fac Matter Collected 3676 | 299 326 283 20 91 796 400 220 1056 185 Remotely . | . . . . . . . . . . Salvage Created 4732 | 153 489 269 154 31 728 918 541 766 683 Parts 227 | 13 35 14 7 4 36 52 1 38 27 Haulers Intercepted 1 | . 1 . . . . . . . . Recyclers Shooed . | . . . . . . . . . . Parts Field Recycled . | . . . . . . . . . . Retrieved Matter . | . . . . . . . . . . Parts Self-Destructed . | . . . . . . . . . . Prevented . | . . . . . . . . . . Kills | -11 -10 -10 -10 -9 -8 -7 -7 -7 -6 ------- Run | Yrd Mat Min Exi Min Mat Fac Was Fac Fac Combat Hostiles Destroyed 91 | . 13 7 1 2 17 18 2 18 13 Melee 13 | . . . 1 . 2 1 . 1 8 Guns 10 | . 7 . . . 3 . . . . Cannons 61 | . 2 7 . 2 10 17 2 17 4 AOE 6 | . 4 . . . 2 . . . . Classes Destroyed 16 | 2 6 . 1 . 2 3 1 1 . Worker 2 | . 1 . . . 1 . . . . Builder 3 | . . . . . 3 . . . . Tunneler 3 | 3 . . . . . . . . . Hauler 1 | . 1 . . . . . . . . Recycler 3 | 1 . . . . . 1 . 1 . Operator 5 | . 1 . . . 2 . . 2 . Watcher 7 | . 3 . . . 1 1 . 2 . Swarmer 19 | . 2 . . 2 2 3 . 6 4 Grunt 47 | . 11 7 . . 10 5 . 7 7 Brawler 2 | . . . . . . . . 2 . Duelist 2 | . . . . . . 2 . . . Sentry 7 | . . . . . 4 1 . 1 1 Hunter 4 | . . . 1 . 1 1 . 1 . Programmer 7 | . . . . . . 5 . 1 1 Heavy 1 | . . . . . . 1 . . . Compactor 2 | . . . . . . . 2 . . Thug 1 | . . . . . . . . 1 . Best Kill Streak 8 | 2 5 2 1 2 8 6 2 4 4 Combat Bots Only 5 | . 4 2 1 2 3 5 2 4 4 Max Kills in Single Turn 4 | 1 2 2 1 1 4 1 1 1 1 Gunslinging . | . . . . . . . . . . Exploded 1 | . 1 . . . 1 . . . . Melee 1 | . . . 1 . 1 1 . 1 1 Uniques/NPCs Destroyed . | . . . . . . . . . . Combat | -11 -10 -10 -10 -9 -8 -7 -7 -7 -6 -------- Run | Yrd Mat Min Exi Min Mat Fac Was Fac Fac Hostile Shots Fired 1014 | . 80 30 . 16 79 126 1 371 311 Missed 274 | . 18 2 . 1 24 31 1 114 83 Damage Taken 11227 | . 798 338 . 124 785 1863 21 3428 3870 Core 1921 | . 129 90 . 17 146 297 . 390 852 Absorbed by Shields 351 | . . . . . 85 132 . 134 . Ignored by Resistances 9 | . . . . . . 6 . . 3 Regen/Repaired (Parts) 1034 | . 13 . . . 74 . 32 915 . Core Remaining (%) 44 | 100 . . . 5 73 . . 1 . Volleys Fired 321 | 16 60 24 . 3 58 58 6 69 27 Largest 2 | 2 2 2 . 2 2 2 1 1 2 Hottest 160 | 60 136 136 . 136 136 120 60 60 160 Shots Fired 487 | 32 114 47 . 6 88 89 6 71 34 Gun 133 | 32 70 . . . 17 . . 2 12 Cannon 336 | . 33 47 . 6 66 88 6 68 22 Launcher 12 | . 7 . . . 5 . . . . Special 6 | . 4 . . . . 1 . 1 . Kinetic 220 | 31 64 14 . . 23 14 6 68 . Thermal 251 | . 43 33 . 6 60 74 . 2 33 Explosive 12 | . 7 . . . 5 . . . . Electromagnetic 2 | 1 . . . . . . . . 1 Robot Hit Streak 20 | 6 10 6 . 1 20 11 5 4 8 Robot Miss Streak 6 | 2 6 1 . 2 3 5 3 4 6 Penetration Max . | . . . . . . . . . . Secondary Targets . | . . . . . . . . . . Shots Hit Robots 354 | 20 74 24 6 2 73 67 3 45 40 Core Hits 170 | 7 34 8 3 3 37 31 2 25 20 Critical Kills 1 | . . . . . . . . . 1 Critical Parts Destroyed . | . . . . . . . . . . Critical Strikes 22 | . . . . . 4 3 1 7 7 Burn 3 | . . . . . 2 . . . 1 Meltdown 1 | . . . . . . . . . 1 Blast 11 | . . . . . 1 3 1 6 . Sever 7 | . . . . . 1 . . 1 5 Melee Attacks 79 | . . . 6 . 17 16 . 9 31 Impact . | . . . . . . . . . . Slashing 79 | . . . 6 . 17 16 . 9 31 Piercing . | . . . . . . . . . . Sneak Attacks 8 | . . . 2 . 1 2 . 3 . Combat Hostiles 4 | . . . 2 . . 2 . . . Follow-up Attacks . | . . . . . . . . . . Damage Inflicted 10273 | 164 1234 478 420 63 2064 1833 379 2311 1327 Guns 786 | 164 391 . . . 159 . . . 72 Cannons 6498 | . 421 478 . 62 1169 1602 379 1929 458 Explosions 789 | . 350 . . . 439 . . . . Melee 2126 | . . . 420 . 297 231 . 381 797 Ramming 2 | . . . . 1 . . . 1 . Kinetic 3846 | 149 344 151 . . 425 469 379 1929 . Thermal 3481 | . 540 327 . 62 903 1133 . . 516 Explosive 789 | . 350 . . . 439 . . . . Electromagnetic 29 | 15 . . . . . . . . 14 Impact . | . . . . . . . . . . Slashing 2126 | . . . 420 . 297 231 . 381 797 Piercing . | . . . . . . . . . . Highest Corruption 4 | . . . . . . 3 3 4 1 Average Corruption 2 | . . . . . . 2 3 3 1 Corruption Purged . | . . . . . . . . . . Corruption Blocked . | . . . . . . . . . . Effects 94 | . . . . . . 22 24 46 2 Message Errors 20 | . . . . . . 8 6 5 1 Matter Fused 20 | . . . . . . 4 5 11 . Heat Flow Errors 10 | . . . . . . 3 3 3 1 Energy Discharges 14 | . . . . . . 3 1 10 . Parts Rejected 3 | . . . . . . . 1 2 . Parts Fused 2 | . . . . . . . 2 . . Data Loss (minor) 9 | . . . . . . 2 1 6 . Data Loss (major) 8 | . . . . . . . 3 5 . Misfires 3 | . . . . . . . 1 2 . Alerts 4 | . . . . . . 2 . 2 . Weapon Failures 1 | . . . . . . . 1 . . Overload Shots . | . . . . . . . . . . Overflow Damage 383 | . 13 . 33 . 143 16 31 145 2 Projectiles 180 | . . . . . 16 16 31 115 2 Explosions 20 | . 13 . . . 7 . . . . Melee 183 | . . . 33 . 120 . . 30 . Knockbacks 25 | . 1 2 . . 4 5 2 11 . Impact . | . . . . . . . . . . Kinetic 23 | . 1 2 . . 4 3 2 11 . Secondary 2 | . . . . . . 2 . . . Self-Inflicted Damage 108 | . 78 . . . 30 . . . . Shots 6 | . 5 . . . 1 . . . . Rammed 3 | . . . . 1 . . . 2 . Targets Rammed 3 | . . . . 1 . . . 2 . Kicked . | . . . . . . . . . . Crushed . | . . . . . . . . . . Highest Temperature 451 | 20 330 451 . 270 353 271 230 386 374 Average Temperature 96 | 15 76 199 . 134 82 67 74 82 134 Received Heat Transfer 4000 | . 363 183 . . 410 228 9 1423 1384 Effects 20 | . 1 8 . 2 . . . 6 3 Shutdowns 4 | . . 2 . . . . . 1 1 Energy Bleed 2 | . . . . . . . . 1 1 Interference 10 | . . 4 . 2 . . . 3 1 Matter Decay 1 | . . 1 . . . . . . . Short Circuit 3 | . 1 1 . . . . . 1 . Siege Activations . | . . . . . . . . . . Robots Corrupted . | . . . . . . . . . . Combat Hostiles . | . . . . . . . . . . Parts Fried . | . . . . . . . . . . Impact Corruptions . | . . . . . . . . . . Robots Melted 1 | . . . . . . . . . 1 Combat Hostiles 1 | . . . . . . . . . 1 Parts Melted 11 | . . . . . 2 6 . 3 . Heat Transferred 6418 | . 1041 592 . 111 1924 1665 . . 1085 Parts Sabotaged . | . . . . . . . . . . Parts Stolen . | . . . . . . . . . . Parts Stripped . | . . . . . . . . . . Power Chain Reactions . | . . . . . . . . . . Alert | -11 -10 -10 -10 -9 -8 -7 -7 -7 -6 ------- Run | Yrd Mat Min Exi Min Mat Fac Was Fac Fac Peak Influence 1120 | 20 169 165 . 82 221 197 27 1120 733 Initial 548 | . 13 46 . . 14 100 . . 548 Average 211 | 8 97 63 . 14 87 80 5 623 597 Maximum Alert Level 4 | . . . . . 1 . . 4 3 Low Security (%) 72 | 100 100 100 . 100 89 100 100 7 . Level 1 4 | . . . . . 10 . . 10 . Level 2 11 | . . . . . . . . 36 77 Level 3 10 | . . . . . . . . 43 22 Level 4 . | . . . . . . . . 1 . Level 5 . | . . . . . . . . . . High Security . | . . . . . . . . . . Max Security . | . . . . . . . . . . Squads Dispatched 38 | . 4 . . . 4 10 . 14 6 Investigation 8 | . 2 . . . 1 1 . 3 1 Extermination 11 | . . . . . . 5 . 5 1 Reinforcement 12 | . 2 . . . 3 3 . 3 1 Assault 3 | . . . . . . 1 . 2 . Garrison 4 | . . . . . . . . 1 3 Intercept . | . . . . . . . . . . Searches Triggered . | . . . . . . . . . . Construction Impeded 1 | . . . . . . . . 1 . Haulers Reinforced . | . . . . . . . . . . Active Scanning Responses . | . . . . . . . . . . Cargo Convoy Interrupts 1 | . . . . . . 1 . . . Stealth | -11 -10 -10 -10 -9 -8 -7 -7 -7 -6 --------- Run | Yrd Mat Min Exi Min Mat Fac Was Fac Fac Distress Signals 1 | . . . . . 1 . . . . Communications Jammed 4 | . . . . . . . . 4 . Distress Signals 4 | . . . . . . . . 4 . Times Spotted 195 | . 25 11 . 5 30 28 6 57 33 Peak Tracking Total 9 | . 4 5 . 3 4 5 6 9 8 Tactical Retreats 13 | . 1 2 . . 1 . . 4 5 Traps | -11 -10 -10 -10 -9 -8 -7 -7 -7 -6 ------- Run | Yrd Mat Min Exi Min Mat Fac Was Fac Fac Traps Triggered 6 | . 2 . . . 1 1 . 2 . Indirectly . | . . . . . . . . . . Trap Hack Attempts . | . . . . . . . . . . Triggered . | . . . . . . . . . . Disarmed . | . . . . . . . . . . Reprogrammed . | . . . . . . . . . . Reused . | . . . . . . . . . . Traps Extracted . | . . . . . . . . . . Installed . | . . . . . . . . . . Triggered . | . . . . . . . . . . Machines | -11 -10 -10 -10 -9 -8 -7 -7 -7 -6 ---------- Run | Yrd Mat Min Exi Min Mat Fac Was Fac Fac Machines Disabled 9 | . . . . . 2 1 . 5 1 Max in Single Turn 1 | . . . . . 1 1 . 1 1 Garrison Access 3 | . . . . . . 1 . 1 1 Machines Repaired . | . . . . . . . . . . Machines Dismantled . | . . . . . . . . . . Machines Sabotaged . | . . . . . . . . . . Overloaded Fab Kills . | . . . . . . . . . . Hacking | -11 -10 -10 -10 -9 -8 -7 -7 -7 -6 --------- Run | Yrd Mat Min Exi Min Mat Fac Was Fac Fac Machines Accessed 45 | . 9 . . 1 10 4 . 17 4 Terminals 27 | . 6 . . . 7 2 . 9 3 Fabricators 4 | . . . . . . 2 . 2 . Repair Stations 5 | . 1 . . . 1 . . 3 . Recycling Units 4 | . 2 . . . 1 . . 1 . Scanalyzers 2 | . . . . . 1 . . 1 . Garrison Access 2 | . . . . . . . . 1 1 Total Hacks 114 | . 27 . . 1 38 7 . 34 7 Successful 52 | . 10 . . 1 21 3 . 14 3 Failed 62 | . 17 . . . 17 4 . 20 4 Catastrophic 11 | . 4 . . . 3 1 . 2 1 Database Lockouts . | . . . . . . . . . . Manual 45 | . 8 . . . 19 4 . 9 5 Terminals 66 | . 18 . . . 22 4 . 17 5 Fabricators 9 | . . . . . . 3 . 6 . Repair Stations 8 | . 2 . . . 2 . . 4 . Recycling Units 10 | . 7 . . . 1 . . 2 . Scanalyzers 17 | . . . . . 13 . . 4 . Garrison Access 3 | . . . . . . . . 1 2 Terminal Hacks 23 | . 8 . . 1 5 . . 7 2 Part Schematic 2 | . 1 . . . 1 . . . . Open Door 1 | . . . . 1 . . . . . Open DSF 2 | . . . . . . . . 2 . Branch Access Points 4 | . 1 . . . 1 . . 1 1 Terminal Index 3 | . 1 . . . 1 . . 1 . Fabricator Index 1 | . . . . . 1 . . . . Alert Level 3 | . 2 . . . . . . 1 . Unreport Threat 4 | . . . . . 1 . . 2 1 Recall Investigation 1 | . 1 . . . . . . . . Hauler Manifests 2 | . 2 . . . . . . . . Fabricator Hacks 6 | . . . . . . 3 . 3 . Load Schematic 2 | . . . . . . 1 . 1 . Build 4 | . . . . . . 2 . 2 . Repair Station Hacks 6 | . 2 . . . 2 . . 2 . Scan Component 3 | . 1 . . . 1 . . 1 . Repair 2 | . 1 . . . 1 . . . . Refit 1 | . . . . . . . . 1 . Recycling Unit Hacks 1 | . . . . . 1 . . . . Retrieve Components 1 | . . . . . 1 . . . . Scanalyzer 14 | . . . . . 13 . . 1 . Insert Component 6 | . . . . . 5 . . 1 . Analyze 8 | . . . . . 8 . . . . Garrison Access Hacks 2 | . . . . . . . . 1 1 Seal Access 2 | . . . . . . . . 1 1 Unauthorized Hacks . | . . . . . . . . . . Terminals . | . . . . . . . . . . Fabricators . | . . . . . . . . . . Repair Stations . | . . . . . . . . . . Recycling Units . | . . . . . . . . . . Scanalyzers . | . . . . . . . . . . Garrison Access . | . . . . . . . . . . Data Cores Recovered . | . . . . . . . . . . Used . | . . . . . . . . . . Hacking Detections 35 | . 8 . . . 9 3 . 13 2 Full Trace Events 7 | . 2 . . . . 1 . 3 1 Feedback Events . | . . . . . . . . . . Feedback Blocked . | . . . . . . . . . . Robot Schematics Acquired . | . . . . . . . . . . Robots Built . | . . . . . . . . . . Authchips . | . . . . . . . . . . Time 134 | . . . . . . . . 134 . Total Robot Build Rating . | . . . . . . . . . . Part Schematics Acquired 6 | . 1 . . . 5 . . . . Parts Built 5 | . . . . . . 3 . 2 . Authchips . | . . . . . . . . . . Time 203 | . . . . . . 179 . 24 . Total Part Build Rating 18 | . . . . . . 12 . 6 . Parts Repaired 2 | . 1 . . . 1 . . . . Time 74 | . 36 . . . 38 . . . . Parts Recycled . | . . . . . . . . . . Recycled Matter . | . . . . . . . . . . Retrieved Matter . | . . . . . . . . . . Retrieved Components 10 | . . . . . 10 . . . . Parts Scanalyzed 5 | . . . . . 4 . . 1 . Part Schematics Acquired 4 | . . . . . 4 . . . . Parts Damaged 1 | . . . . . . . . 1 . Bothacking | -11 -10 -10 -10 -9 -8 -7 -7 -7 -6 ------------ Run | Yrd Mat Min Exi Min Mat Fac Was Fac Fac Used RIF Installer . | . . . . . . . . . . Robots Hacked 2 | . . . . . . 1 . 1 . Non-combat . | . . . . . . . . . . Combat 2 | . . . . . . 1 . 1 . Robot Hacks Applied 2 | . . . . . . 1 . 1 . parse_system 2 | . . . . . . 1 . 1 . Relay Couplers Released 5 | . . . . . . 5 . . . Machine Destruction 2 | . . . . . . 2 . . . Programmers 3 | . . . . . . 3 . . . Fabnet Peak Effective % . | . . . . . . . . . . Robots Rewired . | . . . . . . . . . . Allies Hacked . | . . . . . . . . . . Hacks Repelled . | . . . . . . . . . . Allies | -11 -10 -10 -10 -9 -8 -7 -7 -7 -6 -------- Run | Yrd Mat Min Exi Min Mat Fac Was Fac Fac Total Allies 29 | . . . . 3 1 5 20 . . Largest Group 19 | . . . . 2 1 1 19 18 . Highest-Rated Group 465 | . . . . 54 31 90 465 445 . Highest-Rated Ally 90 | . . . . 31 31 90 35 35 . Total Orders 9 | . . . . 3 3 3 . . . RETURN 9 | . . . . 3 3 3 . . . Ally Attacks 427 | . . . . 10 28 28 87 274 . Total Damage 7878 | . . . . 142 200 172 3149 4215 . Kills 42 | . . . . 4 3 2 5 28 . Allies Corrupted 2 | . . . . . . . . 2 . Allies Melted . | . . . . . . . . . . Intel | -11 -10 -10 -10 -9 -8 -7 -7 -7 -6 ------- Run | Yrd Mat Min Exi Min Mat Fac Was Fac Fac Robot Analysis Total . | . . . . . . . . . . Derelict Logs Recovered 2 | . . 1 . 1 . . . . . Drone Launches 73 | . . . . 8 21 44 . . . Drone Recoveries 69 | . . . . 8 19 42 . . . Exploration | -11 -10 -10 -10 -9 -8 -7 -7 -7 -6 ------------- Run | Yrd Mat Min Exi Min Mat Fac Was Fac Fac Turns Passed 11700 | 135 1182 572 796 703 1975 2019 1412 2380 526 Spaces Moved 6723 | 81 723 406 817 452 1141 740 559 1430 374 Core 5 | 1 . . . 1 . . . . 3 Treads 1572 | . 109 . . . . 33 211 1113 106 Legs 1408 | . . . . . 701 707 . . . Wheels 2162 | 80 614 406 817 245 . . . . . Hover 334 | . . . . . . . . 166 168 Flight 1242 | . . . . 206 440 . 348 151 97 Fastest Speed 28 | 50 80 95 95 37 28 120 32 32 32 Average Speed 104 | 82 104 95 95 70 86 129 84 141 82 Slowest Speed 500 | 90 160 95 95 500 275 330 170 340 160 Overloaded Moves . | . . . . . . . . . . Propulsion Burnouts . | . . . . . . . . . . Robots Hopped 12 | . . . . 12 . . . . . Cave-ins Triggered . | . . . . . . . . . . Exploration Rate (%) 55 | 4 95 72 93 66 67 12 91 44 10 Regions Visited 9 Branch Regions 3 Pre-discovered Areas . | . . . . . . . . . . Known Exits Taken 2 | . 1 . . . 1 . . . . Unknown Exits Taken 5 | 1 . 1 1 1 . . . 1 . Scrap Searched 3 | . . 1 . 2 . . . . . Spaces Dug 10 | . . . . . 6 2 . 2 . Terrain Destroyed 100 | . 20 . . . 37 7 . 36 . Melee 10 | . . . . . 6 2 . 2 . Projectile 42 | . 1 . . . 2 5 . 34 . AOE 48 | . 19 . . . 29 . . . . Terrain Rammed . | . . . . . . . . . . Walls Destroyed . | . . . . . . . . . . Machines Disabled . | . . . . . . . . . . Actions | -11 -10 -10 -10 -9 -8 -7 -7 -7 -6 --------- Run | Yrd Mat Min Exi Min Mat Fac Was Fac Fac Total 10741 | 121 1034 542 831 815 2023 1690 1495 1685 505 Wait 3073 | . 189 102 . 332 693 794 871 69 23 Move 6696 | 80 722 405 816 432 1140 740 558 1429 374 Hop 7 | . . . . 7 . . . . . Pick Up 132 | 11 22 2 3 8 23 25 17 14 7 Fast Attach 78 | 8 4 . 1 5 16 11 7 10 16 Attach 81 | 1 6 1 . 5 16 9 5 25 13 Detach 38 | 1 . . . 5 11 1 2 14 4 Swap 86 | . 18 7 1 9 22 12 8 6 3 Drop 135 | 4 13 1 4 8 27 23 21 27 7 Fire 321 | 16 60 24 . 3 58 58 6 69 27 Melee 79 | . . . 6 . 17 16 . 9 31 Ram 3 | . . . . 1 . . . 2 . Kick . | . . . . . . . . . . Crush . | . . . . . . . . . . Escape Stasis 11 | . . . . . . . . 11 . Rewire 1 | . . . . . . 1 . . . Trap . | . . . . . . . . . . Miscellaneous . | . . . . . . . . . . Route ------- -11/Scrapyard -10/Materials (discovered 5 exits: [*Mat x3] / *Min x2) -10/Mines -10/Exiles (discovered 2 exits: *Min x2) -9/Mines (discovered 2 exits: *Mat x2) -8/Materials (discovered 2 exits: *Fac x2) -7/Factory -7/Waste -7/Factory (discovered 4 exits: *Fac x2 / Low x2) -6/Factory (discovered 2 exits: Low x2) History --------- Turn | Location | Event 13 | -11/Scrapyard | Discovered new exit (range 14) 136 | -11/Scrapyard | Entered Materials 136 | -10/Materials | Discovered new exit (range 15) 306 | -10/Materials | Build established: Mutant 411 | -10/Materials | Discovered new exit (range 15) 477 | -10/Materials | Identified exit to Mines 595 | -10/Materials | Core integrity fell below 50% 720 | -10/Materials | Discovered new exit (range 15) 823 | -10/Materials | Discovered new exit (range 4) 1053 | -10/Materials | Repaired Broken Seismic Detector 1318 | -10/Materials | Entered Mines 1329 | -10/Mines | Learned location of 1 exit from Materials 1431 | -10/Mines | Excavation squad dispatched 1431 | -10/Mines | A large section of the Mines collapsed 1681 | -10/Mines | Excavation squad dispatched 1858 | -10/Mines | Core integrity fell below 20% 1875 | -10/Mines | A weapon hastily lodged in a ceiling crevice suddenly fell to the ground 1885 | -10/Mines | Deemed a non-threat by the Exiles lab entrance 1885 | -10/Mines | Discovered new exit (range 5) 1890 | -10/Mines | Entered Exiles 1890 | -10/Exiles | Found Exiles lab destroyed 2140 | -10/Exiles | Build established: Scavenger-Mutant 2176 | -10/Exiles | Discovered new exit (range 14) 2525 | -10/Exiles | Build established: Mutant 2671 | -10/Exiles | Discovered new exit (range 15) 2686 | -10/Exiles | Entered Mines 2693 | -9/Mines | Met a Derelict bent on vengeance 2703 | -9/Mines | Found the Drone Emporium 2707 | -9/Mines | Found Prototype Device 2707 | -9/Mines | Identified Splice Drone Bay 2888 | -9/Mines | Learned 2 Materials zone layouts 3006 | -9/Mines | Discovered new exit (range 7) 3347 | -9/Mines | Assembled infested the area 3352 | -9/Mines | Assisted by a Guerilla fighting off Assembled 3362 | -9/Mines | Received a Mining Laser from a helpful Derelict 3364 | -9/Mines | Discovered new exit (range 6) 3389 | -9/Mines | Entered Materials 3389 | -8/Materials | Accompanied by 1 ally 3389 | -8/Materials | Evolved 4 slots: Propulsion x2, Utility x2 3390 | -8/Materials | Identified exit to Factory 3813 | -8/Materials | Build established: Scavenger-Sprinter 4147 | -8/Materials | Lost 3 parts (1p2n) 4384 | -8/Materials | Build established: Scavenger-Mutant 4594 | -8/Materials | Lost 3 allies 5116 | -8/Materials | Repaired Carbon-fiber Leg 5364 | -8/Materials | Entered Factory 5364 | -7/Factory | Evolved 2 slots: Propulsion x1, Utility x1 5426 | -7/Factory | Discovered new exit (range 3) 5548 | -7/Factory | Build established: Hacker-Mutant 6147 | -7/Factory | Cargo convoy interrupted 6373 | -7/Factory | Fabricated Mni. Drone Bay (x1) 6590 | -7/Factory | Lost 8 parts (3n5u) 6854 | -7/Factory | Fabricated Cesium-ion Thruster? 6872 | -7/Factory | Build established: Scavenger-Mutant 7383 | -7/Factory | Sucked down chute 7383 | -7/Factory | Entered Waste 7384 | -7/Waste | Met a frightened Derelict 7410 | -7/Waste | Spotted C-40 Crusher 7410 | -7/Waste | Spotted C-40 Crusher 7410 | -7/Waste | Spotted C-40 Crusher 7417 | -7/Waste | Spotted C-40 Crusher 7442 | -7/Waste | Spotted C-40 Crusher 7470 | -7/Waste | Spotted C-40 Crusher 7476 | -7/Waste | Discovered new exit (range 16) 7481 | -7/Waste | Warlord forces began an assault 7493 | -7/Waste | Allies destroyed C-40 Crusher 7505 | -7/Waste | Destroyed C-40 Crusher 7505 | -7/Waste | Allies destroyed C-40 Crusher 7510 | -7/Waste | Destroyed C-40 Crusher 7517 | -7/Waste | Allies destroyed C-40 Crusher 7519 | -7/Waste | Allies destroyed C-40 Crusher 7943 | -7/Waste | Found Hvy. Insulated Plating 8795 | -7/Waste | Entered Factory 8795 | -7/Factory | Accompanied by 18 allies 9587 | -7/Factory | Discovered new exit (range 13) 9889 | -7/Factory | Core integrity fell below 50% 9995 | -7/Factory | First assault squad dispatched 10253 | -7/Factory | Lost 7 allies 10296 | -7/Factory | Discovered new exit (range 15) 10399 | -7/Factory | Identified exit to Lower Caves 10774 | -7/Factory | Garrison activated, responded to threat 10898 | -7/Factory | Lost 4 allies 10982 | -7/Factory | Lost 13 parts (1p6n5u1w) 11009 | -7/Factory | Core integrity fell below 20% 11106 | -7/Factory | Fabricated Cesium-ion Thruster (x2) 11175 | -7/Factory | Entered another Factory area 11175 | -6/Factory | Evolved 2 slots: Utility x2 11263 | -6/Factory | Lost 3 parts (1p2n) 11284 | -6/Factory | Garrison activated, responded to threat 11388 | -6/Factory | Core integrity fell below 50% 11412 | -6/Factory | Lost 7 parts (1p4n1u1w) 11523 | -6/Factory | Build established: Mutant 11593 | -6/Factory | Identified exit to Lower Caves 11680 | -6/Factory | Core integrity fell below 20% 11701 | -6/Factory | Destroyed by S-27 Virus with Autogun Last Messages --------------- 11602_ Gravmag System destroyed. 11608_ ALERT: Security rotation in progress. 11635_ Acquired Gravmag System. 11640_ Critical hit (Burn: +37). 11642_ K-01 Serf collects debris. 11648_ Connecting with Garrison Access... >>Seal Access door sealed. 11651_ Acquired Prototype Energy Gun. 11651_ Identified Imp. Heavy Laser. 11673_ Gravmag System destroyed. 11674_ Lgt. Antimatter Reactor destroyed. 11676_ Dropped Imp. Heavy Laser. 11678_ Gravmag System destroyed. 11678_ Adv. Heat Sink destroyed. 11680_ System corrupted: Heat flow error (+211). 11681_ Hacking Suite destroyed. 11690_ Shock Rifle destroyed. 11690_ S-27 Virus Autogun severed. 11696_ Imp. Medium Treads destroyed. Map ----- +----------------------------------------------------+ | ???????????????????????????????????????????? | | ???????????????????????????????????????????? | | ???????????????????????????????????????????? | | ???????????????????????????????????????????? | | ???????????????????????????????????????????? | | ???????????????????????????????????????????? | | ???????????????????????????????????????????? | | ???????????????????????????????????????????? | | ???????????????????? ??????????????????? | | ??????????????????? ????????????????? | | ?????? ????????" #??????????????? | | ?????# ??????? #??????????????? | | ?????# "??????"" #??????????????? | | ?????# ????? #??????????????? | | ?????# ""????""" #??????????????? | | ?????# #??????????????? | | ???? # """"""""" #??????????????? | | ??? # ? #??????????????? | | ##+### """??"""" +??????????????? | | ???? #??????????????? | | ?????? #######?????????? | | ? #???????# # #?????????? | | ???? #???????# # #?????????? | | ?????? #???????# # #?????????? | | ##+##### #???????# [ # #?????????? | | # ########### @s##+#####????????? | | """" + / g g [ +????????? | | """" ###### """ # s s #????????? | | """" !#????# """ # #????????? | | """" #????# """ # #????????? | | #????# = # #????????? | | [#????# """ #g +????????? | | [[#????# """ + #????????? | | ############# """ # #????????? | | ## # # ###### #????????? | | ## ########## #????? #????????? | | # #??????# #????? #????????? | | + ""T"" #??????# #????? #????????? | | # """"" #??????# +??????#????????? | | # ???????# #???????????????? | | ##/######?????????# #???????????????? | | ########??????######+#######???????????? | | ???+ #???????????? | | ##############?# #???????????? | | #??# #?# ! #???????????? | | #### #?# !! #???????????? | | + #?# #???????????? | | ### # #?# #???????????? | | # ##+########## #???????????? | | " + + #???????????? | +----------------------------------------------------+ Best States ------------- Heat Dissipation 56 Energy Generation 21 Energy Capacity 290 Matter Stores 300 Matter Capacity 300 Sight Range 20 Terrain Scan Density 10 ECM Strength 2 Jamming Range 12 Additional Mass Support 9 Armor Coverage 825 Resistance: KI 30 Resistance: EM 30 Evasion (%) 72 Targeting Accuracy 5 Recoil Reduction 5 Salvage Targeting 4 Offensive Hacking 30 Defensive Hacking 10 Authchip Count 2 Item Schematics ----------------- Beam Cannon | -10/Materials | Hacked Cesium-ion Thruster | -8/Materials | Scanalyzed Hacking Suite | -8/Materials | Scanalyzed Weight Redist. System | -8/Materials | Hacked Machine Analyzer | -8/Materials | Scanalyzed Med. Insulated Plating | -8/Materials | Scanalyzed Robot Schematics ------------------ None Fabricated ------------ Mni. Drone Bay | x1 | -7/Factory | Preloaded Cesium-ion Thruster | x2 | -7/Factory Cesium-ion Thruster | x2 | -7/Factory Alien Tech Used ----------------- None Achievements -------------- Error 47 Factory Defaults Universal Adapter Challenges ------------ None Game ------ Seed DerelictDynamicDatajack Manual? 0 Play Time 02:35:22 Cumulative 42.5 hours Start 2025.03.31 @ 15:06:56 End 2025.03.31 @ 17:50:10 Sessions 1 Manual Loads 0 Difficulty Rogue Special Mode None Game No. 13 Rogue 4 Adventurer 8 Explorer 1 Win Type - Total 0 Types 0/0/0/0/0/0/0/0/0 Lore% 12 Gallery% 27 Achievement% 28 Wizard Run 0 Options --------- Layout 1 ASCII 0 Keyboard 0 Movement Mouse Keybinds 0 Fullscreen 1 Font 32/SmallcapsGlow Map View 50x35 Zoom Use 0% Tactical HUD 1 Map Filters NONE Filters NONE Steam 1 RUN: 445af6f2-0cf5-4373-af9a-0218f22619d8